 Dungeon Crawl Stone Soup version 0.29.0-11-gd7f09526c8 (webtiles) character file.

Game seed: 14799343708396371588

39872 Peloso the Fencer (level 13, -1/122 HPs)
             Began as a Minotaur Fighter on Sept 2, 2022.
             Was a High Priest of Okawaru.
             Constricted to death by Jorgrun (8 damage)
             ... on level 12 of the Dungeon.
             The game lasted 00:55:48 (19453 turns).

Peloso the Fencer (Minotaur Fighter)               Turns: 19453, Time: 00:55:49

Health: -1/122     AC: 25    Str: 29    XL:     13   Next: 71%
Magic:  24/24      EV:  9    Int:  5    God:    Okawaru [*****.]
Gold:   787        SH: 14    Dex: 13    Spells: 12/12 levels left

rFire   + + .      SeeInvis .   a - +4 double sword (flame)
rCold   + + .      Faith    .   c - +0 kite shield
rNeg    . . .      Spirit   .   B - +4 chain mail {rC+}
rPois   .          Reflect  .   (helmet restricted)
rElec   .          Harm     .   M - scarf {rC+ rF+}
rCorr   .          Rampage  .   (no gloves)
Will    +....                   t - +1 pair of boots {Fly}
Stlth   ..........              o - amulet of Puthriet {rF+ Will+ Regen+ MP+9}
HPRegen 1.10/turn               n - +4 ring of protection
MPRegen 0.19/turn               q - +6 ring of strength

@: heroic, grasped by roots, flying, constricted
A: horns 2, retaliatory headbutt
a: Renounce Religion, Heroism, Finesse, Duel


You were on level 12 of the Dungeon.
You worshipped Okawaru.
Okawaru was extremely pleased with you.
You visited 3 branches of the dungeon, and saw 17 of its levels.
You also visited: Sewer and Bailey.

You collected 968 gold pieces.
You spent 181 gold pieces at shops.

Inventory:

Hand Weapons
 a - a +4 double sword of flaming (weapon)
 b - a +0 scimitar
Armour
 c - a +0 kite shield (worn)
 t - a +1 pair of boots of flying (worn)
 B - a +4 chain mail of cold resistance (worn)
 E - the +3 ring mail "Tasiobiukh" {Will+ Regen+ Int+4}
   (Okawaru gifted it to you on level 4 of the Lair of Beasts)

   Int:       It affects your intelligence (+4).
   Regen:     It increases your rate of health regeneration.
   Will:      It increases your willpower.
 M - a scarf of resistance (worn)
Jewellery
 n - a +4 ring of protection (left hand)
 o - the amulet of Puthriet (around neck) {rF+ Will+ Regen+ MP+9}
   (You acquired it in a bailey)

   [amulet of regeneration]

   rF:        It protects you from fire.
   MP:        It affects your magic capacity (+9).
   Regen:     It increases your rate of health regeneration.
   Will:      It increases your willpower.
 q - a +6 ring of strength (right hand)
 y - a ring of ice
 G - an amulet of the acrobat
 O - a +4 ring of protection
 R - an amulet of magic regeneration
Wands
 l - a wand of charming (21)
 C - a wand of digging (13)
 K - a wand of polymorph (13)
 Q - a wand of flame (5)
 T - a wand of light (10)
 X - a wand of iceblast (11)
Scrolls
 e - 6 scrolls of teleportation
 f - 2 scrolls of amnesia
 k - 11 scrolls of fear
 m - 2 scrolls of summoning
 r - a scroll of magic mapping
 s - 3 scrolls of blinking
 u - 4 scrolls of fog {unknown}
 v - 2 scrolls of enchant armour
 w - 4 scrolls of enchant weapon
 x - a scroll of acquirement
 D - a scroll of brand weapon
 H - a scroll of silence {unknown}
 I - 2 scrolls of noise {unknown}
 J - 2 scrolls of poison {unknown}
 N - 6 scrolls of immolation
 Y - 2 scrolls of identify
Potions
 d - 3 potions of might
 g - 9 potions of curing
 h - 4 potions of haste
 i - 7 potions of lignification
 j - 2 potions of berserk rage
 p - 2 potions of experience
 z - 4 potions of invisibility
 A - 3 potions of mutation
 F - a potion of brilliance
 L - a potion of ambrosia
 P - 2 potions of resistance {unknown}
 U - 3 potions of flight {unknown}
 V - 3 potions of cancellation {unknown}
 W - 2 potions of heal wounds
Miscellaneous
 S - a phantom mirror


   Skills:
 + Level 13.1(18.1) Fighting
 + Level 16.4(21.4) Long Blades
 + Level 14.4(19.4) Armour
 + Level 4.3(9.3) Dodging
 + Level 1.6(6.6) Stealth
 + Level 12.1(17.1) Shields
 + Level 4.5 Invocations
 + Level 1.4 Evocations


You had 12 spell levels left.
You didn't know any spells.
Your spell library contained the following spells:

 Spells                   Type           Power      Damage    Failure   Level
 Freeze                   Ice            0%         1d3       94%         1
 Ensorcelled Hibernation  Hex/Ice        0%         N/A       98%         2
 Passwall                 Tmut/Erth      0%         N/A       98%         2
 Dazzling Flash           Conj/Hex       0%         N/A       100%        3
 Frozen Ramparts          Ice            0%         1d1       100%        3
 Gell's Gravitas          Tloc           0%         N/A       100%        3
 Ignite Poison            Fire/Tmut/Pois 0%         N/A       100%        3
 Inner Flame              Hex/Fire       0%         N/A       100%        3
 Lesser Beckoning         Tloc           0%         N/A       100%        3
 Mephitic Cloud           Conj/Pois/Air  0%         N/A       100%        3
 Swiftness                Air            0%         N/A       100%        3
 Teleport Other           Tloc           0%         N/A       100%        3
 Cause Fear               Hex            0%         N/A       100%        4
 Fulminant Prism          Conj/Hex       0%         3d6       100%        4
 Hailstorm                Conj/Ice       0%         3d3       100%        4
 Iskenderun's Mystic Bla  Conj/Tloc      0%         2d3       100%        4
 Passage of Golubria      Tloc           0%         N/A       100%        4
 Agony                    Necr           0%         N/A       100%        5
 Freezing Cloud           Conj/Ice/Air   0%         6-21      100%        5
 Lee's Rapid Deconstruct  Erth           0%         3d5*      100%        5
 Silence                  Hex/Air        0%         N/A       100%        5
 Yara's Violent Unravell  Hex/Tmut       0%         3d3       100%        5
 Dragon Form              Tmut           0%         N/A       100%        7
 Borgnjor's Revivificati  Necr           0%         N/A       100%        8
 Discord                  Hex            0%         N/A       100%        8
 Necromutation            Tmut/Necr      0%         N/A       100%        8
 Death's Door             Necr           0%         N/A       100%        9
 Tukima's Dance           Hex            Unusable   N/A       N/A         3
 Dragon's Call            Summ           Unusable   N/A       N/A         9

Dungeon Overview and Level Annotations

Branches:
Dungeon (12/15)            Temple (1/1) D:6            Lair (4/5) D:10
 Shoals (0/4) Lair:3       Spider (0/4) Lair:3          Orc (0/2) D:12
  Sewer (visited)          Bailey (visited)
  Slime: Lair:4-5

Altars:
Ashenzari
Cheibriados
Dithmenos
Elyvilon
Gozag
Makhleb
Okawaru
Qazlal
Ru
Vehumet
Wu Jian
The Shining One

Shops:
D:5 *   D:7 *   D:8 [

Portals:
Trove: D:11 (show abyssal rune of Zot)

Annotations:
D:7 3 runed translucent doors, RichitheSlayer's ghost, novice DgFi
D:12 Jorgrun


Innate Abilities, Weirdness & Mutations

You have a pair of horns on your head.
You reflexively headbutt those who attack you in melee.


Message History

The iron shot hits you!! The grasping roots constrict you!
Jorgrun gestures at you while chanting. The iron shot hits you!!
The grasping roots constrict you! Jorgrun hits you but does no damage.
The grasping roots constrict you!
You turn to flesh and can move again.
You miss Jorgrun.
Unknown command.
You slice Jorgrun!! You burn Jorgrun. You headbutt Jorgrun!
Jorgrun is moderately wounded.
Jorgrun hits you but does no damage. The grasping roots constrict you.
Unknown command.
You hit Jorgrun but do no damage.
Jorgrun is moderately wounded.
Jorgrun hits you with a +0 vorpal quarterstaff.
The grasping roots constrict you.
Unknown command.
You slash Jorgrun! You burn Jorgrun.
Jorgrun is moderately wounded.
Jorgrun hits you with a +0 vorpal quarterstaff!
The grasping roots constrict you!
Unknown command.
You barely miss Jorgrun.
Jorgrun is moderately wounded.
Jorgrun hits you with a +0 vorpal quarterstaff!
* * * LOW HITPOINT WARNING * * *
x2 The grasping roots constrict you!!
* * * LOW HITPOINT WARNING * * *
Unknown command.
Blink to where?
Press: ? - help, Dir - move target The roots grasp on you weakens, but your attempt to escape fails.
As you read the scroll of blinking, it crumbles to dust.
You block Jorgrun's attack. The grasping roots constrict you.
* * * LOW HITPOINT WARNING * * *
Okay, then.
As you read the scroll of fear, it crumbles to dust.
You assume a fearsome visage.
Jorgrun resists with some effort.
Jorgrun gestures at you while chanting. You block the iron shot.
The grasping roots constrict you!
You die...

##....##..##.............$.
#.......[)......#####.....
##...##..##....######.....
##...####...##...........
###.......##............
#########.............
###########........
...................
......g@...........
..........#########
..........# .........=#
..........# ..........#
..........# ..........>


You could see Jorgrun.

Vanquished Creatures
  A hydra (D:12)
  Harold (Lair:1)
  Fannar (Lair:1)
  A boulder beetle (D:10)
  2 vault guards (Bailey)
  4 two-headed ogres
  3 death yaks (Lair:4)
  Urug (Lair:3)
  5 skeletal warriors
  An ugly thing (D:12)
  A cyclops (D:11)
  3 elephants (Lair:1)
  Maggie (D:7)
  A gargoyle (D:8)
  6 cane toads
  A black mamba (Lair:2)
  5 torpor snails (Lair:4)
  A rime drake (Lair:3)
  3 komodo dragons
  2 hornets
  5 trolls
  Prince Ribbit (Bailey)
  5 blink frogs
  3 slime creatures (D:12)
  A shadow (D:12)
  A wraith (D:10)
  Sigmund (D:3)
  5 water elementals (D:12)
  27 yaks
  4 humans (Bailey)
  Eustachio (D:4)
  2 basilisks (Lair:4)
  2 steam dragons
  2 wargs
  Duvessa (D:4)
  An acid dragon (D:11)
  18 water moccasins
  14 orc warriors
  5 black bears
  An ice beast (D:7)
  14 wolves
  14 ogres
  A sky beast (D:7)
  2 centaurs (D:5)
  2 phantoms (D:6)
  5 kobold brigands
  5 gnoll sergeants
  2 necrophages
  2 scorpions
  25 bullfrogs
  13 wights
  Dowan (D:4)
  11 electric eels
  11 howler monkeys
  9 hounds
  A jelly (D:7)
  11 orc priests
  A gnoll bouda (D:6)
  4 iguanas
  21 orc wizards
  11 adders
  23 gnolls
  7 river rats (Sewer)
  A shadow imp (D:8)
  4 white imps
  An ufetubus (D:5)
  A worm (D:3)
  2 dart slugs
  49 orcs
  17 ball pythons
  2 bats
  7 endoplasms
  2 giant cockroaches
  16 goblins
  11 hobgoblins
  9 jackals
  5 quokkas
  2 frilled lizards
  12 kobolds
  46 rats
  4 bushes (D:3)
531 creatures vanquished.

Vanquished Creatures (others)
  An adder (D:5)
  33 fungi
  87 plants
121 creatures vanquished.

Grand Total: 652 creatures vanquished

Notes
Turn   | Place    | Note
-------+----------+-------------------------------------------
     0 | D:1      | Peloso the Minotaur Fighter began the quest for the Orb.
     0 | D:1      | Reached XP level 1. HP: 19/19 MP: 0/0
   162 | D:1      | Reached XP level 2. HP: 27/27 MP: 1/1
   497 | D:1      | Found a faded altar of an unknown god.
   581 | D:1      | You fall into a shaft and drop 1 floor!
   715 | D:2      | Reached XP level 3. HP: 25/33 MP: 2/2
   726 | D:2      | Reached skill level 3 in Long Blades
  1798 | D:3      | Found a glowing drain.
  1801 | D:3      | Reached skill level 1 in Dodging
  1811 | Sewer    | Entered a sewer
  1836 | Sewer    | Reached XP level 4. HP: 33/40 MP: 3/3
  1876 | Sewer    | Reached skill level 4 in Long Blades
  2283 | Sewer    | Reached XP level 5. HP: 47/47 MP: 4/4
  2526 | Sewer    | Reached skill level 5 in Long Blades
  2526 | Sewer    | Reached skill level 5 in Armour
  2526 | Sewer    | Reached XP level 6. HP: 42/55 MP: 5/5
  2909 | D:3      | Noticed Sigmund
  2942 | D:3      | Killed Sigmund
  2943 | D:3      | Reached skill level 5 in Fighting
  3788 | D:3      | Reached XP level 7. HP: 61/61 MP: 6/6
  4245 | D:4      | Noticed Duvessa
  4247 | D:4      | Noticed Dowan
  4273 | D:5      | Entered Level 5 of the Dungeon
  4371 | D:5      | Reached skill level 5 in Shields
  4402 | D:5      | Reached skill level 6 in Long Blades
  4602 | D:5      | Found Xuudiher's General Store.
  4936 | D:5      | Reached skill level 7 in Long Blades
  5058 | D:5      | Reached XP level 8. HP: 37/70 MP: 7/7
  5738 | D:6      | Reached skill level 8 in Long Blades
  6102 | D:6      | Found a staircase to the Ecumenical Temple.
  6167 | Temple   | Entered the Ecumenical Temple
  6233 | Temple   | Became a worshipper of Warmaster Okawaru
  6539 | D:6      | Reached XP level 9. HP: 71/75 MP: 8/8
  6557 | D:6      | Reached skill level 9 in Long Blades
  6607 | D:6      | Reached * piety under Okawaru
  7137 | D:4      | Killed Duvessa
  7157 | D:4      | Killed Dowan
  7158 | D:4      | Reached skill level 10 in Long Blades
  7554 | D:4      | Identified the +0 ring mail of Rauseboo {Int+2}
  7780 | D:4      | Noticed Eustachio
  7798 | D:4      | Killed Eustachio
  8083 | D:7      | Found a flagged portal.
  8345 | Bailey   | Entered a bailey
  8376 | Bailey   | Reached skill level 10 in Armour
  8478 | Bailey   | Reached ** piety under Okawaru
  8479 | Bailey   | Reached skill level 1 in Invocations
  8485 | Bailey   | Reached XP level 10. HP: 58/86 MP: 7/10
  9010 | Bailey   | Identified 2 scrolls of acquirement
  9010 | Bailey   | Acquired the amulet of Puthriet {rF+ Will+ Regen+ MP+9}
  9160 | Bailey   | Noticed a vault guard
  9175 | Bailey   | Killed a vault guard
  9176 | Bailey   | Reached skill level 11 in Long Blades
  9231 | Bailey   | Noticed Prince Ribbit
  9231 | Bailey   | Noticed a vault guard
  9237 | Bailey   | Killed Prince Ribbit
  9248 | Bailey   | Killed a vault guard
  9403 | D:7      | Found Ota Miot's General Store.
  9476 | D:7      | Reached *** piety under Okawaru
  9477 | D:7      | Reached skill level 1 in Stealth
  9882 | D:7      | Reached skill level 12 in Long Blades
  9897 | D:7      | Noticed Maggie
  9922 | D:7      | Killed Maggie
 10259 | D:7      | Found a runed translucent gate.
 10259 | D:7      | Found a runed translucent gate.
 10260 | D:7      | Found a runed translucent gate.
 10263 | D:7      | Noticed RichitheSlayer's ghost (novice DgFi)
 10695 | D:8      | Reached skill level 1 in Evocations
 11056 | D:8      | Found Ruzim's Armour Shop.
 11065 | D:8      | Bought a +1 pair of boots of flying for 181 gold pieces
 11336 | D:8      | Reached **** piety under Okawaru
 11376 | D:8      | Reached XP level 11. HP: 84/94 MP: 11/11
 11907 | D:9      | Found a sacrificial altar of Ru.
 11907 | D:9      | Found an ornate altar of the Wu Jian Council.
 12908 | D:10     | Entered Level 10 of the Dungeon
 12908 | D:10     | Noticed a two-headed ogre
 12913 | D:10     | Noticed a two-headed ogre
 12920 | D:9      | Killed a two-headed ogre
 12921 | D:9      | Reached skill level 13 in Long Blades
 12941 | D:10     | Noticed a two-headed ogre
 12950 | D:9      | Killed a two-headed ogre
 12976 | D:9      | Killed a two-headed ogre
 13289 | D:10     | Found a staircase to the Lair.
 13524 | D:11     | Noticed a skeletal warrior
 13524 | D:11     | Noticed a boulder beetle
 13881 | D:6      | Reached skill level 14 in Long Blades
 13907 | D:6      | Reached ***** piety under Okawaru
 14650 | Lair:1   | Entered Level 1 of the Lair of Beasts
 14670 | D:10     | Reached XP level 12. HP: 76/106 MP: 13/13
 14716 | Lair:1   | Reached skill level 10 in Fighting
 14909 | Lair:1   | Noticed Fannar
 14931 | Lair:1   | Killed Fannar
 14977 | Lair:1   | Identified the +0 scale mail of Awe {rElec} (Okawaru gifted
                  | it to you on level 1 of the Lair of Beasts)
 14977 | Lair:1   | Received a gift from Okawaru
 14978 | Lair:1   | Reached skill level 10 in Shields
 15130 | Lair:1   | Noticed Harold
 15150 | Lair:1   | Killed Harold
 15899 | Lair:2   | Reached skill level 15 in Long Blades
 16212 | Lair:2   | Noticed a five-headed hydra
 16866 | Lair:3   | Noticed Urug
 16886 | Lair:3   | Killed Urug
 16918 | Lair:3   | Found a hole to the Spider Nest.
 17013 | Lair:3   | Found a staircase to the Shoals.
 17119 | Lair:4   | Found a snail-covered altar of Cheibriados.
 17232 | Lair:4   | Noticed a death yak
 17239 | Lair:4   | Noticed a death yak
 17242 | Lair:4   | Noticed a death yak
 17265 | Lair:4   | Killed a death yak
 17266 | Lair:4   | Reached XP level 13. HP: 99/117 MP: 15/15
 17272 | Lair:4   | Identified the +3 ring mail "Tasiobiukh" {Will+ Regen+
                  | Int+4} (Okawaru gifted it to you on level 4 of the Lair of
                  | Beasts)
 17272 | Lair:4   | Received a gift from Okawaru
 17933 | D:10     | Reached skill level 16 in Long Blades
 18794 | D:11     | Found a portal to a secret trove of treasure.
 19346 | D:12     | Found a staircase to the Orcish Mines.
 19433 | D:12     | Noticed Jorgrun
 19452 | D:12     | HP: 6/122 [constriction (4)]
 19453 | D:12     | Constricted to death by Jorgrun

Illustrated notes

Levels and vault maps discovered:
D:1:      lightli_arrival_chessboard, layout_loops_ring, serial_aquarium,
          aquarium_bridge_island_small [aquarium_subvault_small_water,
          aquarium_subvault_bridge, aquarium_subvault_wall,
          aquarium_subvault_wall, aquarium_subvault_bridge],
          aquarium_window_corner, aquarium_window_1, aquarium_window_1,
          aquarium_view_2e, aquarium_view_2d, aquarium_pool_split,
          basic_ecumenical_altar, chequers_mini_garden
D:2:      layout_basic
D:3:      layout_loops_ring, serial_forest, infiniplex_forest_straight_4,
          infiniplex_forest_end_2, infiniplex_forest_clump_small,
          infiniplex_forest_clump_small, infiniplex_forest_corner_1,
          infiniplex_forest_zigzag_1, infiniplex_forest_clump_double,
          portal_sewer_entry_d, minmay_rat_hole, uniq_sigmund
D:4:      minmay_octagon_keep, layout_basic, grunt_decor_cap, uniq_duvessa,
          uniq_eustachio
D:5:      minmay_general_purpose_star, layout_basic, serial_shops,
          nicolae_shop_hallway_stairs
D:6:      lemuel_castle_with_subvaults [lemuel_castle_interior_carwin_3],
          layout_basic, minmay_temple_entry_statues_pillars
D:7:      layout_loops_corners, biasface_ghost_orc_armoury, enter_bailey_5,
          serial_shops, shop, uniq_maggie
D:8:      layout_cave_pods, serial_bayou, serial_bayou_pond_d,
          serial_bayou_lake_a, serial_bayou_crossing, serial_bayou_lagoon_b,
          nicolae_concentric_dashed_squares_wild, chequers_hall_statues_wall_a,
          nicolae_stop_n_shop_2, minmay_misc_feat_nine_boxes
D:9:      layout_cave_pools, jmf_multi_god_temple, serial_bayou_lagoon_a
D:10:     layout_big_octagon, due_lair_maze_entry_diamond
D:11:     layout_basic, nicolae_trove_entry_free_sample
D:12:     layout_long_grid, david_orc_1_choice, chequers_big_river,
          nicolae_underground_beach, uniq_jorgrun, uniq_josephine
Temple:   nicolae_temple_slightly_damp_pantheon
Lair:1:   layout_concentric_octagons, beast_lair_carwin_7, lemuel_fruit_tree,
          uniq_fannar, uniq_harold
Lair:2:   layout_chaotic_city, cheibrodos_lair_reptile_den, lemuel_fruit_fields
Lair:3:   nzn_winding_woodlands_huge [nzn_winding_woodlands_5x15_eye,
          nzn_winding_woodlands_5x15_split_checker,
          nzn_winding_woodlands_5x15_crooked,
          nzn_winding_woodlands_5x15_default,
          nzn_winding_woodlands_5x15_default, nzn_winding_woodlands_5x15_cabin,
          nzn_winding_woodlands_5x15_river_crossing,
          nzn_winding_woodlands_5x15_twine, nzn_winding_woodlands_5x15_jagged,
          nzn_winding_woodlands_5x15_garden,
          nzn_winding_woodlands_center_triple_pond,
          nzn_winding_woodlands_center_pierced_h,
          nzn_winding_woodlands_15x15_thick_spiral], layout_concentric_octagons,
          shoals_dummy_entry, spider_nest_entry_web_field, basic_altar,
          uniq_urug
Lair:4:   layout_misc_corridors, kennysheep_snail_temple, grunt_megastairs_5

Skill      XL: |  1  2  3  4  5  6  7  8  9 10 11 12 13 |
---------------+----------------------------------------+-----
Fighting       | 4 5 6 7 8 9 11 13 | 13.1
Shields        | 4 5 6 7 9 11 12 | 12.1
Long Blades    | 3 4 5 7 8 10 12 14 15 16 | 16.4
Armour         | 4 5 6 8 10 11 12 13 14 | 14.4
Dodging        | 1 2 3 4 |  4.3
Invocations    | 1 2 3 4 |  4.5
Stealth        | 1 |  1.6
Evocations     | 1 |  1.4

Action                   |  1- 3 |  4- 6 |  7- 9 | 10-12 | 13-15 || total
-------------------------+-------+-------+-------+-------+-------++-------
Melee: Long sword        |    96 |   157 |   568 |  1017 |       ||  1838
       Headbutt          |    10 |    15 |   164 |   267 |    72 ||   528
       Double sword      |       |       |       |    66 |   277 ||   343
Invok: Heroism           |       |       |     8 |    37 |     7 ||    52
Evoke: Wand              |       |       |     7 |    11 |       ||    18
  Use: Potion            |       |     2 |     2 |     2 |     1 ||     7
       Scroll            |       |       |     3 |    16 |     8 ||    27
Armor: Scale mail        |    50 |   102 |     6 |       |       ||   158
       Skin              |       |    23 |       |       |       ||    23
       Plate armour      |       |       |   233 |   505 |       ||   738
       Chain mail        |       |       |       |    15 |   115 ||   130
Dodge: Dodged            |    62 |   105 |   150 |   335 |    79 ||   731
Block: Buckler           |    16 |    54 |   116 |   253 |       ||   439
       Kite shield       |       |       |       |    33 |   162 ||   195
